 Dungeon Crawl Stone Soup version 0.29-a0-284-gf9362112df (webtiles) character file.

Game seed: 17170199456125552321

491 enile the Poker (level 7, -1/50 HPs)
             Began as a Gnoll Wanderer on Mar 14, 2022.
             Was a Follower of Uskayaw.
             Slain by a gnoll
             ... wielding a +0 halberd
              (5 damage)
             ... on level 5 of the Dungeon.
             The game lasted 00:04:51 (3750 turns).

enile the Poker (Gnoll Wanderer)                    Turns: 3750, Time: 00:04:51

Health: -1/50      AC:  3    Str: 11 (13) XL:     7   Next: 14%
Magic:  12/12      EV:  6    Int:  7 (8)  God:    Uskayaw [*.....]
Gold:   162        SH:  0    Dex: 13 (15) Spells: 9/13 levels left

rFire   . . .      SeeInvis .   a - +2 spear
rCold   . . .      Faith    .   (no shield)
rNeg    . . .      Spirit   .   d - +0 leather armour
rPois   .          Reflect  .   (no helmet)
rElec   .          Harm     .   (no cloak)
rCorr   .          Rampage  .   (no gloves)
Will    .....                   (no boots)
Stlth   +++.......              (no amulet)
HPRegen 0.16/turn               (no ring)
MPRegen 0.13/turn               (no ring)

@: attractive, held
A: fangs 1, strong nose, distributed training
a: Renounce Religion, Stomp


You were on level 5 of the Dungeon.
You worshipped Uskayaw.
Uskayaw was noncommittal.
You visited 1 branch of the dungeon, and saw 5 of its levels.

You collected 162 gold pieces.

Inventory:

Hand Weapons
 a - a +2 spear (weapon)
 l - a +0 hunting sling
Missiles
 e - 3 silver javelins (quivered)
Armour
 d - a +0 leather armour (worn)
 p - a +0 scale mail
Jewellery
 q - a ring of willpower
Wands
 b - a wand of polymorph (3)
Scrolls
 c - a scroll of vulnerability
 g - 5 scrolls of identify {unknown}
 h - a scroll of immolation {unknown}
 k - a scroll of enchant armour {unknown}
 n - a scroll of torment {unknown}
 o - 2 scrolls of magic mapping {unknown}
 r - a scroll of enchant weapon {unknown}
Potions
 j - a potion of attraction
 m - a potion of haste {unknown}


   Skills:
 + Level 2.3 Fighting
 + Level 2.3 Short Blades
 + Level 2.3 Long Blades
 + Level 2.3 Axes
 + Level 2.3 Maces & Flails
 + Level 7.0 Polearms
 + Level 2.3 Staves
 + Level 2.3 Slings
 + Level 2.3 Bows
 + Level 2.3 Crossbows
 + Level 2.3 Throwing
 + Level 3.5 Armour
 + Level 2.3 Dodging
 + Level 4.8 Stealth
 + Level 2.3 Shields
 + Level 2.3 Unarmed Combat
 + Level 3.6 Spellcasting
 + Level 1.8 Conjurations
 + Level 1.8 Hexes
 + Level 1.8 Summonings
 + Level 4.2 Necromancy
 + Level 1.8 Translocations
 + Level 1.8 Transmutations
 + Level 1.8 Fire Magic
 + Level 1.8 Ice Magic
 + Level 1.8 Air Magic
 + Level 1.8 Earth Magic
 + Level 1.8 Poison Magic
 + Level 2.5 Invocations
 + Level 3.5 Evocations


You had 9 spell levels left.
You knew the following spells:

 Your Spells              Type           Power      Damage    Failure   Level
a - Animate Skeleton      Necr           14%        N/A       7%          1
b - Vampiric Draining     Necr           7%         2d6       22%         3

Your spell library contained the following spells:

 Spells                   Type           Power      Damage    Failure   Level


Dungeon Overview and Level Annotations

Branches:
Dungeon (5/15)
 Temple: D:4-7

Altars:
Uskayaw
The Shining One


Innate Abilities, Weirdness & Mutations

You have very sharp teeth.
Your uncanny sense of smell can sniff out nearby items.
Your experience applies equally to all skills.


Message History

The gnoll is heavily wounded.
You hit the gnoll.
The gnoll is severely wounded.
A gnoll comes into view. It is wielding a +0 halberd.
The gnoll hits you from afar with a +2 spear of freezing.
The gnoll freezes you. The gnoll misses you.
You are too injured to fight recklessly!
There are monsters nearby!
There are monsters nearby!
The gnoll throws a throwing net.
The throwing net hits you.
You become entangled in the net!
An adder comes into view.
There is an open door, spattered with blood here.
Items here: ( )) [ †.
It was a potion of attraction.
You feel attractive to monsters.
The gnoll hits you from afar with a +2 spear of freezing!
The gnoll freezes you.
* * * LOW HITPOINT WARNING * * *
The gnoll is attracted toward you. The adder is attracted toward you.
You feel better.
The gnoll hits you from afar with a +2 spear of freezing.
The gnoll freezes you. The gnoll hits you with a +0 club.
* * * LOW HITPOINT WARNING * * *
The gnoll is attracted toward you. The adder is attracted toward you.
It was a potion of degeneration.
There was something very wrong with that liquid.
You feel weakened.
You feel dopey.
You feel clumsy.
The gnoll shouts!
The adder hisses angrily.
The gnoll hits you with a +0 halberd.
* * * LOW HITPOINT WARNING * * *
The gnoll hits you from afar with a +2 spear of freezing.
* * * LOW HITPOINT WARNING * * *
The gnoll freezes you.
* * * LOW HITPOINT WARNING * * *
The gnoll barely misses you.
You feel better. The gnoll hits you with a +0 club.
* * * LOW HITPOINT WARNING * * *
The gnoll hits you with a +0 halberd.
You die...

#.##### #.#
.. #.# #.
#.# # #.# .
#.# # #.#
#.#####
#.#...###..
+.@g..'...#
#.#gg.##...
#.#S....§.
#.#####.§..
#†# §#. #.#
.. #.# .
#.. ...


You could see 3 gnolls and an adder.

Vanquished Creatures
  A wyvern (D:5)
  A sky beast (D:4)
  A scorpion (D:4)
  2 howler monkeys (D:4)
  4 gnolls (D:4)
  3 adders
  A worm (D:4)
  A dart slug (D:2)
  5 orcs (D:5)
  5 bats
  5 endoplasms
  A giant cockroach (D:3)
  6 goblins
  2 hobgoblins
  4 jackals (D:2)
  3 kobolds
  A quokka (D:2)
  6 ball pythons
  2 frilled lizards (D:1)
  5 rats
59 creatures vanquished.

Vanquished Creatures (collateral kills)
  A hobgoblin (D:2)
  A kobold (D:2)
2 creatures vanquished.

Grand Total: 61 creatures vanquished

Notes
Turn   | Place    | Note
-------+----------+-------------------------------------------
     0 | D:1      | enile the Gnoll Wanderer began the quest for the Orb.
     0 | D:1      | enile set off with the following items: a +2 spear, a wand
                  | of polymorph (3), a scroll of vulnerability, a +0 leather
                  | armour; and the following spell memorised: Animate
                  | Skeleton; and the following spells available to memorise:
                  | Vampiric Draining
     0 | D:1      | Reached XP level 1. HP: 13/13 MP: 4/4
   273 | D:1      | Reached XP level 2. HP: 19/19 MP: 5/5
   780 | D:2      | Reached XP level 3. HP: 24/25 MP: 7/7
  1017 | D:2      | Reached skill level 1 in Invocations
  1120 | D:2      | Found a faded altar of an unknown god.
  1171 | D:2      | Prayed at the altar of an unknown god.
  1171 | D:2      | Became a worshipper of Uskayaw the Reveller
  1171 | D:2      | Reached * piety under Uskayaw
  1704 | D:3      | Reached skill level 1 in Fighting
  1704 | D:3      | Reached skill level 1 in Short Blades
  1704 | D:3      | Reached skill level 1 in Long Blades
  1704 | D:3      | Reached skill level 1 in Axes
  1704 | D:3      | Reached skill level 1 in Maces & Flails
  1704 | D:3      | Reached skill level 1 in Staves
  1704 | D:3      | Reached skill level 1 in Slings
  1704 | D:3      | Reached skill level 1 in Bows
  1704 | D:3      | Reached skill level 1 in Crossbows
  1704 | D:3      | Reached skill level 1 in Throwing
  1704 | D:3      | Reached skill level 1 in Dodging
  1704 | D:3      | Reached skill level 1 in Shields
  1704 | D:3      | Reached skill level 1 in Unarmed Combat
  1898 | D:3      | Reached ** piety under Uskayaw
  1899 | D:3      | Reached XP level 4. HP: 22/32 MP: 8/8
  2219 | D:4      | Reached skill level 1 in Conjurations
  2219 | D:4      | Reached skill level 1 in Hexes
  2219 | D:4      | Reached skill level 1 in Summonings
  2219 | D:4      | Reached skill level 1 in Translocations
  2219 | D:4      | Reached skill level 1 in Transmutations
  2219 | D:4      | Reached skill level 1 in Fire Magic
  2219 | D:4      | Reached skill level 1 in Ice Magic
  2219 | D:4      | Reached skill level 1 in Air Magic
  2219 | D:4      | Reached skill level 1 in Earth Magic
  2219 | D:4      | Reached skill level 1 in Poison Magic
  2279 | D:4      | Learned a level 3 spell: Vampiric Draining
  2404 | D:4      | Noticed a scorpion
  2414 | D:4      | Killed a scorpion
  2414 | D:4      | Reached *** piety under Uskayaw
  2415 | D:4      | Reached XP level 5. HP: 25/37 MP: 2/9
  2608 | D:4      | Noticed a sky beast
  2619 | D:4      | Killed a sky beast
  2620 | D:4      | Reached XP level 6. HP: 10/44 MP: 6/11
  3147 | D:4      | Found a glowing golden altar of the Shining One.
  3356 | D:5      | Entered Level 5 of the Dungeon
  3403 | D:5      | Noticed a wyvern
  3413 | D:5      | Killed a wyvern
  3414 | D:5      | Reached XP level 7. HP: 16/50 MP: 8/12
  3704 | D:5      | Reached skill level 7 in Polearms
  3749 | D:5      | HP: 2/50 [gnoll/+2 spear of freezing (1)]
  3750 | D:5      | Slain by a gnoll

Illustrated notes

Levels and vault maps discovered:
D:1:      ncdulo_lavacross, layout_basic
D:2:      layout_rooms, basic_ecumenical_altar
D:3:      layout_basic
D:4:      layout_loops_ring, tso_altar
D:5:      layout_basic, uniq_eustachio, uniq_duvessa

Skill      XL: |  1  2  3  4  5  6  7 |
---------------+----------------------+-----
Invocations    | 1 2 |  2.5
Fighting       | 1 2 |  2.3
Short Blades   | 1 2 |  2.3
Long Blades    | 1 2 |  2.3
Axes           | 1 2 |  2.3
Maces & Flails | 1 2 |  2.3
Staves         | 1 2 |  2.3
Slings         | 1 2 |  2.3
Bows           | 1 2 |  2.3
Crossbows      | 1 2 |  2.3
Throwing       | 1 2 |  2.3
Dodging        | 1 2 |  2.3
Shields        | 1 2 |  2.3
Unarmed Combat | 1 2 |  2.3
Spellcasting   | 3 |  3.6
Conjurations   | 1 |  1.8
Hexes          | 1 |  1.8
Summonings     | 1 |  1.8
Translocations | 1 |  1.8
Transmutations | 1 |  1.8
Fire Magic     | 1 |  1.8
Ice Magic      | 1 |  1.8
Air Magic      | 1 |  1.8
Earth Magic    | 1 |  1.8
Poison Magic   | 1 |  1.8
Armour         | 3 |  3.5
Necromancy     | 4 |  4.2
Evocations     | 3 |  3.5
Polearms       | 7 |  7.0
Stealth        | |  4.8

Action                   |  1- 3 |  4- 6 |  7- 9 || total
-------------------------+-------+-------+-------++-------
Melee: Spear             |    86 |    45 |    21 ||   152
       Bite              |     6 |     1 |     3 ||    10
       Punch             |     1 |     3 |       ||     4
 Fire: Hunting sling     |    30 |       |       ||    30
Throw: Javelin           |     4 |     8 |       ||    12
 Cast: Animate Skeleton  |     6 |       |       ||     6
       Vampiric Draining |       |     6 |       ||     6
Invok: Stomp             |       |     2 |       ||     2
  Use: Potion            |       |     3 |     4 ||     7
 Stab: Sleeping          |     3 |     3 |     1 ||     7
Armor: Leather armour    |    33 |     1 |     3 ||    37
Dodge: Dodged            |    45 |    19 |    12 ||    76

Table legend: (Time is in decaauts)
 A = Elapsed time spent in this place.
 B = Non-inter-level travel time spent in this place.
 C = Inter-level travel time spent in this place.
 D = Time resting spent in this place.
 E = Time spent auto-exploring this place.
 F = Levels seen in this place.
 G = Mean time per level.
                   A        B        C        D        E       F      G
               +--------+--------+--------+--------+--------+-----+--------+
         Total |   3732 |   3625 |    107 |      0 |   3205 |   5 |  746.4 |
       Dungeon |   3732 |   3625 |    107 |      0 |   3205 |   5 |  746.4 |
               +--------+--------+--------+--------+--------+-----+--------+

Top non-repeatable levels by time:
     D:4: 1134 daAuts
     D:3: 878 daAuts
     D:1: 757 daAuts
     D:2: 573 daAuts
     D:5: 388 daAuts
